 Dungeon Crawl Stone Soup version 0.29.0-4-gdea44cf6ec (webtiles) character file.

Game seed: 11051312488776036583

160 qw the Chopper (level 5, -4/42 HPs)
             Began as a Barachi Chaos Knight on Sept 6, 2022.
             Slain by a black bear (8 damage)
             ... on level 4 of the Dungeon.
             The game lasted 00:01:10 (3372 turns).

qw the Chopper (Barachi Chaos Knight)               Turns: 3372, Time: 00:01:10

Health: -4/42      AC:  5    Str: 15    XL:     5   Next: 41%
Magic:  5/5        EV: 11    Int: 11    God:
Gold:   113        SH:  0    Dex: 11    Spells: 4/4 levels left

rFire   + . .      SeeInvis .   Y - +0 war axe
rCold   . . .      Faith    .   (no shield)
rNeg    . . .      Spirit   .   b - +2 leather armour
rPois   .          Reflect  .   (no helmet)
rElec   .          Harm     .   (no cloak)
rCorr   .          Rampage  .   (no gloves)
Will    +....                   (no boots)
Stlth   +.........              (no amulet)
HPRegen 0.14/turn               g - ring of willpower
MPRegen 0.09/turn               i - ring of protection from fire

@: slow
A: amphibious, slowness 1, strong legs 1, +LOS, dopey 1
a: Hop


You were on level 4 of the Dungeon.
You visited 1 branch of the dungeon, and saw 4 of its levels.

You collected 113 gold pieces.


Innate Abilities, Weirdness & Mutations

You are amphibious.
You cover ground slowly.
You can hop short distances.
You have an extended range of vision and can be seen from far away.
You are dopey. (Int -2)


   Skills:
 - Level 4.3 Fighting
 + Level 6.1 Axes
 - Level 2.4 Armour
 - Level 1.1 Dodging


You had 4 spell levels left.
You didn't know any spells.
Your spell library was empty.

Inventory:

Hand Weapons
 k - a +0 whip
 Y - a +0 war axe (weapon)
Armour
 b - a +2 leather armour (worn)
Jewellery
 g - a ring of willpower (left hand)
 i - a ring of protection from fire (right hand)
Potions
 e - a potion of heal wounds {unknown}
 f - a potion of ambrosia {unknown}
 h - a potion of invisibility {unknown}
 j - a potion of magic {unknown}
Miscellaneous
 c - a piece from Xom's chessboard (15/15)

Dungeon Overview and Level Annotations

Branches:
Dungeon (4/15)
 Temple: D:4-7

Altars:
Sif Muna


Message History

You hit the black bear but do no damage.
The black bear is lightly wounded.
The black bear closely misses you. The black bear claws you. x2
You slash the black bear!
The black bear is heavily wounded.
The black bear bites you. The black bear claws you.
The black bear barely misses you.
You hit the black bear.
The black bear is heavily wounded.
The black bear bites you.
The black bear claws you but does no damage. x2
You slash the black bear!
The black bear is severely wounded.
The black bear bites you but does no damage.
The black bear claws you but does no damage.
The black bear closely misses you. The black bear bites you.
The black bear barely misses you. The black bear closely misses you.
You hit the black bear.
The black bear is severely wounded.
The black bear goes berserk!
You hit the black bear.
The black bear is almost dead.
The black bear completely misses you. The black bear barely misses you.
The black bear closely misses you. The black bear barely misses you.
The black bear claws you but does no damage.
The black bear claws you.
You hit the black bear.
The black bear is almost dead.
The black bear bites you! The black bear barely misses you.
The black bear claws you.
You closely miss the black bear.
The black bear is almost dead.
The black bear closely misses you. The black bear barely misses you.
The black bear claws you. The black bear bites you.
The black bear claws you but does no damage.
The black bear claws you.
You barely miss the black bear.
The black bear is almost dead.
The black bear bites you!
You die...

#####.##
#......#
#..:...#
#......#
#......#
##......#
.......#
#h.....#
#@.....#
#......#
#......#
####..##
..# ##


You could see a black bear (berserk).

Vanquished Creatures
  A hound (D:3)
  Natasha (twice) (D:2)
  2 adders (D:2)
  An ufetubus (D:3)
  2 dart slugs (D:3)
  5 endoplasms
  4 giant cockroaches
  7 goblins
  2 hobgoblins
  A quokka (D:2)
  4 ball pythons
  8 bats
  A frilled lizard (D:2)
  4 kobolds
  11 rats
55 creatures vanquished.

Vanquished Creatures (others)
  A fungus (D:3)
  A plant (D:3)
2 creatures vanquished.

Grand Total: 57 creatures vanquished

Notes
Turn   | Place    | Note
-------+----------+-------------------------------------------
     0 | D:1      | qw the Barachi Chaos Knight began the quest for the Orb.
     0 | D:1      | Reached XP level 1. HP: 18/18 MP: 1/1
     0 | D:1      | 0 ||| qw: Version: 0.1-a-108-g9e35731
     0 | D:1      | 0 ||| qw: Game counter: 6248
     0 | D:1      | 0 ||| qw: Always use a shield: true
     0 | D:1      | 0 ||| qw: God list: Okawaru
     0 | D:1      | 0 ||| qw: Allow faded altars: false
     0 | D:1      | 0 ||| qw: Do Orc after D:15 true
     0 | D:1      | 0 ||| qw: Do second Lair branch before Depths: true
     0 | D:1      | 0 ||| qw: Lair rune preference: random
     0 | D:1      | 0 ||| qw: Plans: Normal
     0 | D:1      | 0 ||| PLANNING D:1-11
     0 | D:1      | Fell from the grace of Xom
   232 | D:1      | Reached XP level 2. HP: 19/24 MP: 2/2
   344 | D:1      | Reached skill level 4 in Axes
   966 | D:1      | 966 ||| DROPPING orb of mayhem.
   967 | D:1      | 967 ||| UPGRADING to ring of willpower.
   968 | D:1      | 968 ||| READING scroll labelled WIDGHA MIOL.
   969 | D:1      | 969 ||| READING scroll labelled ORHOFY REWE.
   974 | D:1      | 974 ||| READING scroll labelled BUBRU URUPT.
   975 | D:1      | 975 ||| READING scroll labelled PAJIMI JOJECUDI.
  1105 | D:2      | Reached XP level 3. HP: 29/29 MP: 3/3
  1439 | D:2      | Noticed Natasha
  1445 | D:2      | Killed Natasha
  1446 | D:2      | Reached skill level 5 in Axes
  1446 | D:2      | Reached XP level 4. HP: 33/36 MP: 4/4
  1548 | D:2      | 1548 ||| DROPPING +0 club.
  1580 | D:2      | 1580 ||| Stepping ~*~*~tactically~*~*~ (hiding).
  1690 | D:2      | 1690 ||| Stepping ~*~*~tactically~*~*~ (hiding).
  1792 | D:2      | 1792 ||| Stepping ~*~*~tactically~*~*~ (hiding).
  1927 | D:2      | Noticed Natasha
  1928 | D:2      | 1928 ||| Stepping ~*~*~tactically~*~*~ (stealth).
  1935 | D:2      | Killed Natasha
  1936 | D:2      | Reached skill level 6 in Axes
  2059 | D:2      | 2059 ||| UPGRADING to ring of protection from fire.
  2060 | D:2      | 2060 ||| READING scroll labelled UTIH VUCUKOUR.
  2061 | D:2      | 2061 ||| READING scroll labelled METAUMPIUL.
  2062 | D:2      | 2062 ||| READING scroll labelled MOIPHE SAIPIATZ.
  2063 | D:2      | 2063 ||| READING scroll labelled OFEMUPH PYILUU.
  2204 | D:3      | 2204 ||| SWAPPING to +0 war axe.
  2209 | D:3      | 2209 ||| DROPPING +0 hand axe of chaos.
  2273 | D:3      | Reached XP level 5. HP: 21/42 MP: 5/5
  2295 | D:3      | XOM: torment (14/42 hp)
  2389 | D:3      | XOM: give mutation
  2389 | D:3      | Gained mutation: You are dopey. (Int -2) [Xom's mischief]
  2617 | D:3      | Found a faded altar of an unknown god.
  2625 | D:3      | 2625 ||| FLEEEEING.
  2626 | D:3      | 2626 ||| FLEEEEING.
  3291 | D:3      | Found a shimmering blue altar of Sif Muna.
  3327 | D:3      | 3327 ||| READING scroll labelled LEUFUIWOERPH.
  3358 | D:4      | Noticed a black bear
  3370 | D:4      | HP: 9/42 [black bear (3)]
  3371 | D:4      | HP: 4/42 [black bear (2)]
  3372 | D:4      | Slain by a black bear

Levels and vault maps discovered:
D:1:      spicycebolla_green_bress_n_ham, layout_loops_ring
D:2:      layout_loops_ring, uniq_natasha
D:3:      layout_loops_cross, nicolae_sif_muna_little_library,
          shapermc_ecumenical_altar_mp_urbaneastern, kennysheep_generic_room_14
D:4:      minmay_door_path, layout_rooms, uniq_grinder

Skill      XL: |  1  2  3  4 |
---------------+-------------+-----
Axes           | 4 5 6 |  6.1
Fighting       | 4 |  4.3
Armour         | |  2.4
Dodging        | |  1.1

Action                   |  1- 3 |  4- 6 || total
-------------------------+-------+-------++-------
Melee: Hand axe          |    79 |    34 ||   113
       Punch             |     1 |     1 ||     2
       War axe           |       |    47 ||    47
Invok: Renounce Religion |     1 |       ||     1
  Use: Scroll            |     4 |     5 ||     9
 Stab: Confused          |       |     1 ||     1
Armor: Leather armour    |    33 |    24 ||    57
Dodge: Dodged            |    36 |    56 ||    92

Table legend:
 A = Non-vault XP
 B = Vault XP
 C = Vault XP percentage of total XP
 D = Non-vault monster count
 E = Vault monster count
 F = Vault count percentage of total count
                 A         B        C        D         E       F
            +---------+---------+-------+---------+---------+-------
      Total |     184 |      45 |  19.7 |      52 |       3 |   5.5
            +---------+---------+-------+---------+---------+-------
        D:1 |      32 |       0 |   0.0 |      20 |       0 |   0.0
        D:2 |      89 |      36 |  28.8 |      20 |       1 |   4.8
        D:3 |      63 |       9 |  12.5 |      12 |       2 |  14.3
            +---------+---------+-------+---------+---------+-------
